 Dungeon Crawl Stone Soup version 0.21.1-1-g345015f (webtiles) character file.

112 tidbits the Grave Robber (level 4, -5/32 HPs)
             Began as a Gnoll Necromancer on June 18, 2018.
             Slain by an iguana (7 damage)
             ... on level 4 of the Dungeon.
             The game lasted 00:04:42 (512 turns).

tidbits the Grave Robber (Gnoll Necromancer)         Turns: 512, Time: 00:04:43

Health: -5/32      AC:  2    Str: 13 (15) XL:     4   Next: 93%
Magic:  0/11       EV: 20    Int: 17 (19) God:
Gold:   118        SH:  0    Dex: 18 (20) Spells: 5/13 levels left

rFire    . . .     SeeInvis .   d - +0 spear
rCold    . . .     Gourm    .   (no shield)
rNeg     . . .     Faith    .   B - +0 robe (curse)
rPois    .         Spirit   .   (no helmet)
rElec    .         Reflect  .   (no cloak)
rCorr    .         Harm     .   (no gloves)
MR       .....                  (no boots)
Stlth    ++++......             (no amulet)
HPRegen  0.10/turn              (no ring)
MPRegen  0.12/turn              (no ring)

@: mighty, agile
A: distributed training, fangs 1, strong nose
a: no special abilities


You were on level 4 of the Dungeon.
You were not hungry.

You visited 1 branch of the dungeon, and saw 4 of its levels.

You collected 118 gold pieces.

Inventory:

Hand Weapons
 d - a +0 spear (weapon)
 f - a +0 dagger
 g - a +0 flail
Armour
 a - a +0 robe
 B - a cursed +0 robe (worn)
Wands
 q - a wand of random effects (30)
Scrolls
 h - a scroll of identify {unknown}
 k - a scroll of fear {unknown}
 n - a scroll of teleportation {unknown}
 o - a scroll of amnesia {unknown}
Potions
 e - a potion of cancellation {unknown}
 i - a potion of ambrosia {unknown}
 j - a potion of flight {unknown}
Books
 b - a book of Necromancy

   Spells                             Type                      Level
   a - Pain                           Necromancy                   1
   b - Animate Skeleton               Necromancy                   1
   c - Vampiric Draining              Necromancy                   3
   d - Regeneration                   Charms/Necromancy            3
   e - Animate Dead                   Necromancy                   4
   f - Borgnjor's Vile Clutch         Necromancy/Earth             5
Comestibles
 c - 3 rations


   Skills:
 + Level 1.2 Fighting
 + Level 1.2 Short Blades
 + Level 1.2 Long Blades
 + Level 1.2 Axes
 + Level 1.2 Maces & Flails
 + Level 1.2 Polearms
 + Level 1.2 Staves
 + Level 1.2 Slings
 + Level 1.2 Bows
 + Level 1.2 Crossbows
 + Level 1.2 Throwing
 + Level 1.2 Armour
 + Level 4.7 Dodging
 + Level 4.3 Stealth
 + Level 1.2 Shields
 + Level 1.2 Unarmed Combat
 + Level 5.1 Spellcasting
 + Level 1.0 Conjurations
 + Level 1.0 Hexes
 + Level 1.0 Charms
 + Level 1.0 Summonings
 + Level 7.1 Necromancy
 + Level 1.0 Translocations
 + Level 1.0 Transmutations
 + Level 1.0 Fire Magic
 + Level 1.0 Ice Magic
 + Level 1.0 Air Magic
 + Level 1.0 Earth Magic
 + Level 1.0 Poison Magic
 + Level 1.4 Invocations
 + Level 1.2 Evocations


You had 5 spell levels left.
You knew the following spells:

 Your Spells              Type           Power        Failure   Level  Hunger
a - Pain                  Necr           ####         1%          1    None
d - Vampiric Draining     Necr           ####......   2%          3    ###....
n - Animate Skeleton      Necr           N/A          1%          1    None
r - Regeneration          Chrm/Necr      ###.......   8%          3    ###....


Dungeon Overview and Level Annotations

Branches:
Dungeon (4/15)
 Temple: D:4-7

Altars:
Dithmenos

Annotations:
D:3 Terence


Innate Abilities, Weirdness & Mutations

Your experience applies equally to all skills.
You have very sharp teeth.
Your uncanny sense of smell can sniff out nearby items.


Message History

Confirm with . or Enter, or press ? or * to list all spells.
Aiming: Pain
Press: ? - help, Shift-Dir - straight line, f - bat
Aim: a bat (chance to defeat MR: 93%)
The bat writhes in agony!
The bat barely misses you. x2
Casting: Pain
Confirm with . or Enter, or press ? or * to list all spells.
Aiming: Pain
Press: ? - help, Shift-Dir - straight line, f/p - bat
Aim: a bat (moderately wounded, chance to defeat MR: 93%)
The bat writhes in agony!
You kill the bat!
Found a stone staircase leading down.
The adder hisses angrily.
Unknown command.
Casting: Pain
Confirm with . or Enter, or press ? or * to list all spells.
Aiming: Pain
Press: ? - help, Shift-Dir - straight line, f - adder
Aim: an adder (chance to defeat MR: 89%)
The adder writhes in agony!
The adder closely misses you.
Casting: Pain
Confirm with . or Enter, or press ? or * to list all spells.
Aiming: Pain
Press: ? - help, Shift-Dir - straight line, f/p - adder
Aim: an adder (lightly wounded, chance to defeat MR: 89%)
The adder writhes in agony!
The adder bites you.
* * * LOW HITPOINT WARNING * * *
Casting: Pain
Confirm with . or Enter, or press ? or * to list all spells.
Aiming: Pain
Press: ? - help, Shift-Dir - straight line, f/p - adder
Aim: an adder (moderately wounded, chance to defeat MR: 89%)
The adder writhes in agony!
The adder closely misses you.
Casting: Pain
Confirm with . or Enter, or press ? or * to list all spells.
You don't have enough magic to cast that spell.
It was a potion of degeneration.
There was something very wrong with that liquid.
You feel weakened.
You feel dopey.
You feel clumsy. The adder barely misses you. x2
It was a potion of agility.
You feel agile all of a sudden. The adder barely misses you.
It was a potion of might.
You feel very mighty all of a sudden. The adder closely misses you.
You puncture the adder!
You kill the adder!
A bat comes into view.
There is a stone staircase leading down here.
You climb downwards.
Found 10 gold pieces.
There is a stone staircase leading up here.
Unknown command.
A worker ant comes into view.
An iguana comes into view.
Found a shadowy altar of Dithmenos.
The helpless worker ant fails to defend itself.
You puncture the worker ant!
The worker ant is severely wounded.
The worker ant misses you.
Casting: Pain
Confirm with . or Enter, or press ? or * to list all spells.
Aiming: Pain
Press: ? - help, Shift-Dir - straight line, f - worker ant
Aim: a worker ant (black smoke, severely wounded, chance to defeat MR: 89%)
The worker ant writhes in agony!
You kill the worker ant!
You feel your dexterity returning.
Your Conjurations skill increases to level 1!
Your Hexes skill increases to level 1!
Your Charms skill increases to level 1!
Your Summonings skill increases to level 1!
Your Translocations skill increases to level 1!
Your Transmutations skill increases to level 1!
Your Fire Magic skill increases to level 1!
Your Ice Magic skill increases to level 1!
Your Air Magic skill increases to level 1!
Your Earth Magic skill increases to level 1!
Your Poison Magic skill increases to level 1!
Attack whom?
Press: ? - help, Dir - move target cursor, f - iguana
Aim: an iguana (black smoke, resting)
You reach to attack!
The helpless iguana fails to defend itself.
You hit the iguana.
The iguana is lightly wounded.
Casting: Pain
Confirm with . or Enter, or press ? or * to list all spells.
Aiming: Pain
Press: ? - help, Shift-Dir - straight line, f/p - iguana
Aim: an iguana (lightly wounded, chance to defeat MR: 89%)
The iguana writhes in agony!
Casting: Pain
Confirm with . or Enter, or press ? or * to list all spells.
Aiming: Pain
Press: ? - help, Shift-Dir - straight line, f/p - iguana
Aim: an iguana (black smoke, moderately wounded, chance to defeat MR: 89%)
The iguana writhes in agony!
The iguana bites you!
You die...

∆ #§ ∆ #.# §§§##
#########.
§#§#.###.........
§§l@§.....###
§#§#.#..#..<#
§§.###$..#.# #§#
##.##.# ...
#.##.# ### #.##.#
#.##.# ..##.# ∆
#####


You could see an iguana.

Vanquished Creatures
  Natasha (D:2)
  A worker ant (D:4)
  4 adders
  A worm (D:2)
  A dart slug (D:3)
  2 ball pythons
  3 bats
  4 giant cockroaches
  3 jackals
  3 frilled lizards
  A kobold (D:1)
  A rat (D:2)
25 creatures vanquished.

Vanquished Creatures (collateral kills)
  A kobold (D:2)
1 creature vanquished.

Grand Total: 26 creatures vanquished

Notes
Turn   | Place    | Note
-------+----------+-------------------------------------------
     0 | D:1      | tidbits the Gnoll Necromancer began the quest for the Orb.
     0 | D:1      | Reached XP level 1. HP: 13/13 MP: 6/6
    66 | D:1      | Reached XP level 2. HP: 14/19 MP: 3/7
    69 | D:1      | Learned a level 1 spell: Animate Skeleton
   136 | D:2      | Reached skill level 5 in Spellcasting
   136 | D:2      | Reached XP level 3. HP: 11/25 MP: 0/9
   141 | D:2      | Learned a level 3 spell: Vampiric Draining
   145 | D:2      | Learned a level 3 spell: Regeneration
   308 | D:3      | Noticed Terence
   308 | D:3      | Noticed Natasha
   315 | D:2      | Killed Natasha
   315 | D:2      | Reached skill level 1 in Fighting
   315 | D:2      | Reached skill level 1 in Short Blades
   315 | D:2      | Reached skill level 1 in Long Blades
   315 | D:2      | Reached skill level 1 in Axes
   315 | D:2      | Reached skill level 1 in Maces & Flails
   315 | D:2      | Reached skill level 1 in Polearms
   315 | D:2      | Reached skill level 1 in Staves
   315 | D:2      | Reached skill level 1 in Slings
   315 | D:2      | Reached skill level 1 in Bows
   315 | D:2      | Reached skill level 1 in Crossbows
   315 | D:2      | Reached skill level 1 in Throwing
   315 | D:2      | Reached skill level 1 in Armour
   315 | D:2      | Reached skill level 1 in Shields
   315 | D:2      | Reached skill level 1 in Unarmed Combat
   315 | D:2      | Reached skill level 1 in Invocations
   315 | D:2      | Reached skill level 1 in Evocations
   320 | D:2      | Reached XP level 4. HP: 10/32 MP: 1/11
   506 | D:4      | Found a shadowy altar of Dithmenos.
   508 | D:4      | Reached skill level 1 in Conjurations
   508 | D:4      | Reached skill level 1 in Hexes
   508 | D:4      | Reached skill level 1 in Charms
   508 | D:4      | Reached skill level 1 in Summonings
   508 | D:4      | Reached skill level 1 in Translocations
   508 | D:4      | Reached skill level 1 in Transmutations
   508 | D:4      | Reached skill level 1 in Fire Magic
   508 | D:4      | Reached skill level 1 in Ice Magic
   508 | D:4      | Reached skill level 1 in Air Magic
   508 | D:4      | Reached skill level 1 in Earth Magic
   508 | D:4      | Reached skill level 1 in Poison Magic
   512 | D:4      | Slain by an iguana

Skill      XL: |  1  2  3  4 |
---------------+-------------+-----
Spellcasting   | 5 |  5.1
Fighting       | 1 |  1.2
Short Blades   | 1 |  1.2
Long Blades    | 1 |  1.2
Axes           | 1 |  1.2
Maces & Flails | 1 |  1.2
Polearms       | 1 |  1.2
Staves         | 1 |  1.2
Slings         | 1 |  1.2
Bows           | 1 |  1.2
Crossbows      | 1 |  1.2
Throwing       | 1 |  1.2
Armour         | 1 |  1.2
Shields        | 1 |  1.2
Unarmed Combat | 1 |  1.2
Invocations    | 1 |  1.4
Evocations     | 1 |  1.2
Conjurations   | 1 |  1.0
Hexes          | 1 |  1.0
Charms         | 1 |  1.0
Summonings     | 1 |  1.0
Translocations | 1 |  1.0
Transmutations | 1 |  1.0
Fire Magic     | 1 |  1.0
Ice Magic      | 1 |  1.0
Air Magic      | 1 |  1.0
Earth Magic    | 1 |  1.0
Poison Magic   | 1 |  1.0
Dodging        | |  4.7
Stealth        | |  4.3
Necromancy     | |  7.1

Action                   |  1- 3 |  4- 6 || total
-------------------------+-------+-------++-------
Melee: Spear             |    13 |     5 ||    18
       Bite              |     1 |       ||     1
 Cast: Pain              |    20 |    23 ||    43
       Vampiric Draining |     1 |       ||     1
       Regeneration      |     1 |       ||     1
       Animate Skeleton  |       |     1 ||     1
  Use: Potion            |       |     3 ||     3
 Stab: Sleeping          |     2 |     3 ||     5
Armor: Robe              |       |     2 ||     2
Dodge: Dodged            |    18 |     9 ||    27

Table legend:
 A = Turns spent in this place as a percentage of turns spent in the entire game.
 B = Non-inter-level travel turns spent in this place as a percentage of non-inter-level travel turns spent in the entire game.
 C = Inter-level travel turns spent in this place as a percentage of turns spent in this place.
 D = Turns resting spent in this place as a percentage of non-inter-level travel turns spent in this place.
 E = Turns spent auto-exploring this place as a percentage of non-inter-level travel turns spent in this place.
 F = Non-inter-level travel turns spent in this place divided by the number of levels of this place that you've seen.
                   A       B       C       D       E      F
               +-------+-------+-------+-------+-------+----------------------
         Total | 100.0 | 100.0 |   0.0 |   0.0 |   0.0 | 128.0
       Dungeon | 100.0 | 100.0 |   0.0 |   0.0 |   0.0 | 128.0
               +-------+-------+-------+-------+-------+----------------------

Table legend:
 A = Kills in this place as a percentage of kills in entire the game.
 B = Kills by you in this place as a percentage of kills by you in the entire game.
 C = Kills by friends in this place as a percentage of kills by friends in the entire game.
 D = Other kills in this place as a percentage of other kills in the entire game.
 E = Experience gained in this place as a percentage of experience gained in the entire game.
 F = Experience gained in this place divided by the number of levels of this place that you have seen.
                   A       B       C       D       E      F
               +-------+-------+-------+-------+-------+----------------------
         Total | 100.0 | 100.0 | 100.0 |   N/A | 100.0 |  40.0
       Dungeon | 100.0 | 100.0 | 100.0 |   N/A | 100.0 |  40.0
               +-------+-------+-------+-------+-------+----------------------

Vault maps used:
D:1:      dpeg_arrival_ternary
D:3:      eat_drink_and_be_merry_uskayaw, uniq_terence, uniq_natasha,
          uniq_sigmund, uniq_jessica
D:4:      grunt_dithmenos_smoke_and_mirrors, lemuel_coloured_pillars_altar,
          marbit_many_paths
